 Dungeon Crawl Stone Soup version 0.29.0-5-ge4962eb29e (webtiles) character file.

Game seed: 1341070207636114565

20104 gelatine the Marksdemonspawn (level 12, -14/97 HPs)
             Began as a Demonspawn Hunter on Aug 30, 2022.
             Was a Follower of Fedhas.
             Demolished by a seven-headed hydra (20 damage)
             ... on level 1 of the Lair of Beasts.
             The game lasted 01:01:39 (14226 turns).

gelatine the Marksdemonspawn (Demonspawn Hunter)   Turns: 14226, Time: 01:01:40

Health: -14/97     AC: 14    Str: 12    XL:     12   Next: 42%
Magic:  14/14      EV: 22    Int: 12    God:    Fedhas [*.....]
Gold:   801        SH:  5    Dex: 26    Spells: 9/11 levels left

rFire   + . .      SeeInvis .   W - +1 arbalest (freeze)
rCold   + . .      Faith    .   (shield currently unavailable)
rNeg    . . .      Spirit   .   X - +1 troll leather armour
rPois   .          Reflect  +   R - +2 hat "Urump" {rF+ rC+ Stlth+}
rElec   .          Harm     .   T - +2 cloak
rCorr   .          Rampage  .   l - +0 pair of gloves {Stlth+}
Will    .....                   V - +2 pair of boots
Stlth   +++++.....              N - amulet of reflection
HPRegen 1.06/turn               m - +6 ring of dexterity
MPRegen 0.14/turn               y - +4 ring of slaying

@: agile, lethally poisoned (-14 -> -28)
A: horns 2, powered by death 2, powered by pain 1, sturdy frame 3
a: Renounce Religion


You were on level 1 of the Lair of Beasts.
You worshipped Fedhas.
Fedhas was aware of your devotion.
You visited 3 branches of the dungeon, and saw 16 of its levels.
You also visited: Trove and Sewer.

You collected 1092 gold pieces.
You spent 291 gold pieces at shops.

Inventory:

Hand Weapons
 b - the +6 mace "Suhuol" {flame, rElec rPois rF+}
   (You found it on level 4 of the Dungeon)

   It burns those it strikes, dealing additional fire damage.
   rF:        It protects you from fire.
   rElec:     It insulates you from electricity.
   rPois:     It protects you from poison.
 D - a +4 scimitar of flaming
 W - a +1 arbalest of freezing (weapon)
Missiles
 d - 4 datura-tipped darts
 o - 3 curare-tipped darts
 S - 6 silver boomerangs
Armour
 a - a +2 plate armour of poison resistance
 k - a +3 ring mail of fire resistance
 l - a +0 pair of gloves of stealth (worn)
 s - a +2 robe of the Archmagi
 w - a +1 robe of fire resistance
 M - +0 acid dragon scales
 R - the +2 hat "Urump" (worn) {rF+ rC+ Stlth+}
   (You found it in a treasure trove)

   rF:        It protects you from fire.
   rC:        It protects you from cold.
   Stlth:     It makes you more stealthy.
 T - a +2 cloak (worn)
 V - a +2 pair of boots (worn)
 X - a +1 troll leather armour (worn)
Magical Staves
 G - a staff of poison
Jewellery
 m - a +6 ring of dexterity (left hand)
 p - an amulet of magic regeneration
 y - a +4 ring of slaying (right hand)
 H - the amulet "Fowniemy" {Acrobat rPois}
   (You found it on level 13 of the Dungeon)

   [amulet of the acrobat]

   It increases your evasion while moving and waiting.
   rPois:     It protects you from poison.
 L - a ring of wizardry
 N - an amulet of reflection (around neck)
 P - a ring of magical power
 Y - a ring of resist corrosion
 Z - a +6 ring of intelligence
Wands
 v - a wand of light (5)
 x - a wand of digging (7)
 K - a wand of iceblast (4)
 U - a wand of charming (4)
Scrolls
 g - 2 scrolls of vulnerability
 h - a scroll of silence
 z - 5 scrolls of immolation
 A - 3 scrolls of poison
 C - a scroll of amnesia
 I - 2 scrolls of butterflies
 Q - 2 scrolls of magic mapping
Potions
 c - a potion of mutation
 e - 3 potions of haste
 f - 4 potions of brilliance
 i - a potion of invisibility
 j - 4 potions of curing
 n - 2 potions of flight
 q - 4 potions of magic
 r - 2 potions of resistance
 u - 3 potions of might
 B - 2 potions of berserk rage {unknown}
 E - 3 potions of cancellation {unknown}
 F - 2 potions of lignification {unknown}
 J - a potion of attraction {unknown}
 O - a potion of ambrosia {unknown}
Miscellaneous
 t - a phantom mirror (inert)


   Skills:
 * Level 10.0 Fighting
 + Level 1.1 Maces & Flails
 * Level 15.2 Ranged Weapons
 + Level 1.3 Armour
 + Level 5.5 Dodging
 + Level 3.8 Stealth
 + Level 3.3 Shields
 * Level 3.5 Invocations


You had 9 spell levels left.
You knew the following spells:

 Your Spells              Type           Power      Damage    Failure   Level
a - Static Discharge      Conj/Air       0%         3-3/arc   45%         2

Your spell library contained the following spells:

 Spells                   Type           Power      Damage    Failure   Level
 Apportation              Tloc           0%         N/A       32%         1
 Freeze                   Ice            0%         1d3       32%         1
 Necrotise                Necr           0%         1d4       32%         1
 Sandblast                Erth           0%         2d4       32%         1
 Summon Small Mammal      Summ           0%         N/A       32%         1
 Ensorcelled Hibernation  Hex/Ice        0%         N/A       45%         2
 Passwall                 Tmut/Erth      0%         N/A       45%         2
 Dazzling Flash           Conj/Hex       0%         N/A       69%         3
 Frozen Ramparts          Ice            0%         1d1       69%         3
 Stone Arrow              Conj/Erth      0%         3d7       69%         3
 Swiftness                Air            0%         N/A       69%         3
 Animate Armour           Summ/Erth      0%         N/A       97%         4
 Hailstorm                Conj/Ice       0%         3d3       97%         4
 Agony                    Necr           0%         N/A       100%        5
 Blade Hands              Tmut           0%         N/A       100%        5
 Lightning Bolt           Conj/Air       0%         1d11      100%        5
 Silence                  Hex/Air        0%         N/A       100%        5
 Iron Shot                Conj/Erth      0%         9d1       100%        6
 Maxwell's Capacitive Co  Air            0%         ∞         100%        8


Dungeon Overview and Level Annotations

Branches:
Dungeon (14/15)            Temple (1/1) D:5            Lair (1/5) D:10
    Orc (0/2) D:10          Sewer (visited)
 Vaults: D:13-14

Altars:
Ashenzari
Cheibriados
Dithmenos
Fedhas
Gozag
Hepliaklqana
Kikubaaqudgha
Makhleb
Nemelex Xobeh
Okawaru
Qazlal
Ru
Sif Muna
Trog
Uskayaw
Vehumet
Wu Jian
Xom
Yredelemnul

Shops:
D:3 ?   D:6 *   D:10 *   D:11 *

Annotations:
D:9 exclusion: orange crystal statue
Lair:1 1 transporter, browni3141's ghost, journeyman TrCA


Innate Abilities, Weirdness & Mutations

You have a pair of horns on your head.
You regenerate health from kills.
You sometimes gain a little power by taking damage.
Your movements are significantly less encumbered by armour. (ER -6)


Message History

You block the seven-headed hydra's attack.
The seven-headed hydra closely misses you.
The seven-headed hydra completely misses you.
The seven-headed hydra bites you!
The seven-headed hydra completely misses you.
The seven-headed hydra bites you but does no damage. x2
You block browni3141's ghost's attack.
You shoot a bolt. The bolt hits the seven-headed hydra!!
The seven-headed hydra seems to slow down.
The bolt freezes the seven-headed hydra!
The seven-headed hydra is severely wounded.
The black mamba misses you.
The moth of wrath goads the seven-headed hydra on!
The seven-headed hydra shakes off its lethargy.
The seven-headed hydra goes berserk!
The black mamba bites you but does no damage.
Browni3141's ghost hits you!!
You focus on the pain.
You feel agile all of a sudden.
The cane toad stings you but does no damage.
The seven-headed hydra bites you but does no damage.
The seven-headed hydra bites you! x2
* * * LOW HITPOINT WARNING * * *
The seven-headed hydra completely misses you.
The seven-headed hydra closely misses you.
The seven-headed hydra bites you.
* * * LOW HITPOINT WARNING * * *
The seven-headed hydra closely misses you.
The black mamba barely misses you.
Unknown command.
Aiming: Phantom Mirror
Press: ? - help, Q - select action, (/) - cycle Dir - move target, f - moth of wrath, p - seven-headed hydra
Aim: a moth of wrath You reflect the moth of wrath with the mirror!
The mirror clouds!
The black mamba bites you!
* * * LOW HITPOINT WARNING * * *
You are lethally poisoned!
The black mamba poisons you! The seven-headed hydra bites you!!
You die...
Fedhas appreciates your contribution to the ecosystem.

###.......###P#P.#..##.
#...#####...######.###.
#.###.©.###...# #.###.
#.#.../...##.P####.#.#.
##.#...#.#..#...........
#..#...#.#..#...##..##..
#.##.#.....##.#..##.##.#
#.#.#.FS#.$#..#..##.#..#
#.# #@D"!#©...##..##.#
##.##...W.#:#..#####.##.#
#..©#.#yy.#=##.## #..#..
#[[##..##.#. #..# ##.##.#
##..#...#...#.#.##
#...#.# #...##....#..##.#
#..##.. ##./.##..y...#..#
##.##.. #.#..#####.##.##
#.P...
#........###..######.....


You could see a seven-headed hydra (berserk), a moth of wrath, a black mamba, a
cane toad, browni3141's ghost (ally target) and a friendly moth of wrath
(summoned, drained).

Vanquished Creatures
  A boulder beetle (D:12)
  A hydra (D:13)
  A two-headed ogre (D:11)
  4 centaur warriors
  Sonja (D:12)
  An ugly thing (D:11)
  A manticore (D:12)
  The ghost of Woods the Sneak, a novice NaIE (D:5)
  2 cane toads (Lair:1)
  2 gargoyles (D:13)
  An unseen horror (D:12)
  A komodo dragon (Lair:1)
  A kobold demonologist (D:12)
  An efreet (D:13)
  A tengu conjurer (D:14)
  A freezing wraith (D:11)
  3 trolls
  Prince Ribbit (D:7)
  Grinder (D:4)
  8 slime creatures (D:12)
  4 blink frogs (Lair:1)
  3 shadows
  A vampire (D:13)
  6 yaks
  2 wyverns
  4 wraiths
  5 steam dragons
  3 basilisks
  2 vampire mosquitoes (D:12)
  2 acid dragons
  8 orc warriors
  2 sky beasts
  4 black bears
  An ogre (D:4)
  6 wolves (Lair:1)
  A centaur (D:5)
  A phantom (D:5)
  3 kobold brigands
  5 bullfrogs
  A gnoll sergeant (D:8)
  13 wights
  3 howler monkeys (D:8)
  7 orc priests
  A gnoll bouda (D:8)
  2 hounds
  Ijyb (D:3)
  5 iguanas
  12 orc wizards
  4 gnolls (D:8)
  16 adders
  7 river rats
  2 shadow imps
  A white imp (D:5)
  An ufetubus (D:4)
  7 worms
  5 dart slugs
  32 orcs
  14 endoplasms
  2 giant cockroaches
  7 goblins
  5 hobgoblins
  4 jackals (D:4)
  3 quokkas
  17 ball pythons
  6 bats (D:1)
  8 frilled lizards
  16 kobolds
  15 rats
314 creatures vanquished.

Vanquished Creatures (collateral kills)
  An orc (D:10)
1 creature vanquished.

Vanquished Creatures (others)
  6 fungi
  4 toadstools (D:7)
10 creatures vanquished.

Grand Total: 325 creatures vanquished

Notes
Turn   | Place    | Note
-------+----------+-------------------------------------------
     0 | D:1      | gelatine the Demonspawn Hunter began the quest for the Orb.
     0 | D:1      | Reached XP level 1. HP: 16/16 MP: 1/1
   154 | D:1      | Reached skill level 4 in Ranged Weapons
   154 | D:1      | Gained mutation: Your movements are slightly less
                  | encumbered by armour. (ER -2) [demonic ancestry]
   154 | D:1      | Reached XP level 2. HP: 22/22 MP: 2/2
   590 | D:1      | Reached XP level 3. HP: 28/28 MP: 3/3
   736 | D:1      | Found a faded altar of an unknown god.
  1469 | D:2      | Learned a level 2 spell: Static Discharge
  1846 | D:3      | Found Quag's Magic Scroll Shop.
  1859 | D:3      | Gained mutation: Your movements are less encumbered by
                  | armour. (ER -4) [demonic ancestry]
  1859 | D:3      | Reached XP level 4. HP: 27/34 MP: 4/4
  1941 | D:3      | Bought a scroll of brand weapon for 123 gold pieces
  2011 | D:3      | Reached skill level 5 in Ranged Weapons
  2049 | D:3      | Noticed Ijyb
  2058 | D:3      | Killed Ijyb
  2265 | D:3      | Gained mutation: You regenerate a little health from kills.
                  | [demonic ancestry]
  2265 | D:3      | Reached XP level 5. HP: 39/39 MP: 5/5
  2560 | D:3      | Found a shimmering blue altar of Sif Muna.
  2738 | D:3      | Bought a scroll of identify for 26 gold pieces
  2774 | D:4      | Reached skill level 1 in Armour
  2774 | D:4      | Reached skill level 1 in Stealth
  2885 | D:4      | Noticed a black bear
  2895 | D:4      | Killed a black bear
  2896 | D:4      | Reached skill level 6 in Ranged Weapons
  2896 | D:4      | Reached XP level 6. HP: 32/47 MP: 6/6
  3016 | D:4      | Identified the +6 mace "Suhuol" {flame, rElec rPois rF+}
  3038 | D:4      | Noticed Grinder
  3043 | D:4      | Killed Grinder
  3044 | D:4      | Gained mutation: You regenerate health from kills. [demonic
                  | ancestry]
  3044 | D:4      | Reached XP level 7. HP: 52/52 MP: 7/7
  3118 | D:4      | Reached skill level 7 in Ranged Weapons
  3743 | D:5      | Entered Level 5 of the Dungeon
  3911 | D:5      | Found a staircase to the Ecumenical Temple.
  3929 | Temple   | Entered the Ecumenical Temple
  3971 | Temple   | Became a worshipper of Fedhas Madash
  4111 | D:5      | Found a runed translucent door.
  4112 | D:5      | Noticed Woods's ghost (novice NaIE)
  4430 | D:6      | Found a shimmering altar of Xom.
  4665 | D:6      | Reached XP level 8. HP: 60/60 MP: 8/8
  4687 | D:6      | Reached skill level 1 in Maces & Flails
  4687 | D:6      | Reached skill level 8 in Ranged Weapons
  4972 | D:6      | Found a glowing drain.
  4976 | Sewer    | Entered a sewer
  5067 | Sewer    | Reached * piety under Fedhas
  5367 | D:6      | Found a snail-covered altar of Cheibriados.
  5567 | D:6      | Found Ocacixzu's Neck Hole.
  5577 | D:6      | Bought a +0 cloak for 45 gold pieces
  5821 | D:3      | Bought a scroll of enchant weapon for 97 gold pieces
  6027 | D:7      | Reached skill level 5 in Fighting
  6032 | D:7      | Reached skill level 9 in Ranged Weapons
  6197 | D:7      | Reached XP level 9. HP: 35/68 MP: 9/9
  6355 | D:7      | Reached ** piety under Fedhas
  6421 | D:7      | Noticed Prince Ribbit
  6429 | D:7      | Killed Prince Ribbit
  6648 | D:8      | Reached skill level 10 in Ranged Weapons
  6843 | D:8      | Reached skill level 11 in Ranged Weapons
  7022 | D:8      | Reached *** piety under Fedhas
  7901 | D:9      | Gained mutation: You sometimes gain a little power by
                  | taking damage. [demonic ancestry]
  7901 | D:9      | Reached XP level 10. HP: 44/77 MP: 10/10
  8069 | D:9      | Found a bloodstained altar of Trog.
  8097 | D:9      | Noticed an orange crystal statue
  8424 | D:9      | Found a stormy altar of Qazlal.
  9057 | D:10     | Entered Level 10 of the Dungeon
  9189 | D:10     | Found Qosiusm's Assorted Antiques.
  9470 | D:10     | Found a staircase to the Lair.
  9722 | D:10     | Reached skill level 12 in Ranged Weapons
 10465 | D:10     | Found a staircase to the Orcish Mines.
 10502 | D:10     | Reached skill level 1 in Invocations
 10529 | D:10     | Found an opulent altar of Gozag.
 10529 | D:10     | Found a sparkling altar of Nemelex Xobeh.
 10671 | D:5      | Killed Woods's ghost
 10672 | D:5      | Reached skill level 1 in Shields
 10893 | D:11     | Noticed a green ugly thing
 10901 | D:11     | Killed a green ugly thing
 10902 | D:11     | Reached skill level 13 in Ranged Weapons
 10905 | D:11     | Gained mutation: You have a pair of small horns on your
                  | head. [demonic ancestry]
 10905 | D:11     | Reached XP level 11. HP: 35/86 MP: 12/12
 11283 | D:11     | Found Ysorch's General Store.
 11297 | D:11     | Noticed a two-headed ogre
 11300 | D:11     | Killed a two-headed ogre
 11577 | D:11     | Gained mutation: Your body sometimes deteriorates upon
                  | taking damage. [potion of mutation]
 11578 | D:11     | Lost mutation: Your body sometimes deteriorates upon taking
                  | damage. [potion of mutation]
 11578 | D:11     | Gained mutation: Your movements are significantly less
                  | encumbered by armour. (ER -6) [potion of mutation]
 11790 | D:12     | Reached **** piety under Fedhas
 11806 | D:12     | Noticed a boulder beetle
 11810 | D:12     | Killed a boulder beetle
 11935 | D:12     | Noticed a sixfirhy
 12003 | D:12     | Identified the +0 leather armour of Poor Excuses {Will+
                  | rCorr Dex+3}
 12106 | D:12     | Noticed Sonja
 12108 | D:12     | Killed Sonja
 12116 | D:12     | Reached skill level 5 in Dodging
 12186 | D:12     | Noticed a sea snake
 12264 | D:12     | Reached skill level 14 in Ranged Weapons
 12420 | D:13     | Noticed a seven-headed hydra
 12422 | D:13     | Killed a seven-headed hydra
 12520 | D:13     | Identified the amulet "Fowniemy" {Acrobat rPois}
 12707 | D:13     | Noticed a centaur warrior
 12708 | D:13     | Noticed a centaur warrior
 12714 | D:13     | Killed a centaur warrior
 12715 | D:13     | Gained mutation: You have a pair of horns on your head.
                  | [demonic ancestry]
 12715 | D:13     | Reached XP level 12. HP: 57/95 MP: 13/13
 12716 | D:13     | Killed a centaur warrior
 13064 | D:13     | Found a portal to a secret trove of treasure.
 13073 | Trove    | Entered a treasure trove
 13084 | Trove    | Identified the +1 hat of the Moon Troll {Str-5 Dex+2
                  | Stlth+}
 13095 | Trove    | Identified the +2 hat "Urump" {rF+ rC+ Stlth+}
 13097 | Trove    | Identified the +0 robe of Monidevem {SInv}
 13098 | Trove    | Identified the +3 buckler of a bailey {*Slow Fly Str+2
                  | Dex+4}
 13200 | D:13     | Noticed a centaur warrior
 13202 | D:13     | Killed a centaur warrior
 13320 | D:14     | Noticed a centaur warrior
 13322 | D:14     | Killed a centaur warrior
 13352 | D:14     | Noticed a death knight
 13534 | Lair:1   | Entered Level 1 of the Lair of Beasts
 13641 | Lair:1   | Reached skill level 15 in Ranged Weapons
 14017 | Lair:1   | Reached skill level 10 in Fighting
 14078 | Lair:1   | Found a transporter.
 14087 | Lair:1   | Noticed a seven-headed hydra
 14094 | Lair:1   | Found a transporter.
 14201 | Lair:1   | Noticed browni3141's ghost (journeyman TrCA)
 14226 | Lair:1   | Demolished by a seven-headed hydra

Illustrated notes

Levels and vault maps discovered:
D:1:      roderic_crossed_star, layout_loops_cross,
          shapermc_ecumenical_altar_acropolis, nrook_campfire
D:2:      layout_loops_ring
D:3:      layout_basic, marbit_many_paths, serial_shops, nicolae_square_shop,
          uniq_ijyb
D:4:      layout_basic, uniq_grinder
D:5:      layout_loops_cross, minmay_temple_entry_ruins,
          ebering_ghost_reflecting_pool
D:6:      layout_loops_ring, mainiacjoe_overflow_boulevard,
          lemuel_coloured_pillars_altar, lightli_sewer_entry_pipes,
          nicolae_shop_sticking_my_neck_out
D:7:      layout_rooms, minmay_misc_feat_enclosed, minmay_gold_behind_fungi,
          uniq_prince_ribbit1
D:8:      layout_layer_cave, elyvilon_altar_1, dreamdust_gnoll_shepherd
D:9:      layout_basic, mainiacjoe_overflow_concentric_impassable,
          nicolae_qazlal_scattered_showers, minmay_statue_bubble
D:10:     layout_layer_cave, grunt_temple_overflow_opulence, david_lair_generic,
          david_orc_4, nicolae_take_the_stairs
D:11:     layout_roguey, serial_aquarium, aquarium_bridge_square
          [aquarium_subvault_wall, aquarium_subvault_wall,
          aquarium_subvault_bridge, aquarium_subvault_wall],
          aquarium_window_corner, aquarium_window_1, aquarium_window_1,
          aquarium_window_3, aquarium_view_2c, serial_shops, shop
D:12:     layout_rooms, serial_aquarium, aquarium_bridge_straight
          [aquarium_subvault_bridge, aquarium_subvault_wall,
          aquarium_subvault_bridge, aquarium_subvault_window],
          aquarium_bridge_long_joined [aquarium_subvault_wall,
          aquarium_subvault_bridge, aquarium_subvault_window,
          aquarium_subvault_balcony, aquarium_subvault_bridge,
          aquarium_subvault_window], aquarium_window_1, aquarium_window_fake,
          aquarium_window_1, aquarium_window_fake, aquarium_view_2c,
          aquarium_view_2c, aquarium_balcony_5a, aquarium_pool_side, uniq_sonja
D:13:     layout_basic, nicolae_trove_entry_diagonal
D:14:     layout_long_grid, david_vaults_2, st_stairs_1
Temple:   nicolae_temple_ecumenical_triangle
Lair:1:   layout_loops_ring, gammafunk_ghost_berserking_beasts,
          infiniplex_staircase_pool_2

Skill      XL: |  1  2  3  4  5  6  7  8  9 10 11 12 |
---------------+-------------------------------------+-----
Ranged Weapons | 4 5 6 7 9 11 13 14 15 | 15.2
Dodging        | 2 3 4 5 |  5.5
Armour         | 1 |  1.3
Stealth        | 1 2 3 |  3.8
Fighting       | 3 4 5 6 7 9 10 | 10.0
Maces & Flails | 1 |  1.1
Invocations    | 1 2 3 |  3.5
Shields        | 1 3 |  3.3

Action                   |  1- 3 |  4- 6 |  7- 9 | 10-12 || total
-------------------------+-------+-------+-------+-------++-------
Melee: Shortbow          |       |     1 |       |       ||     1
       Mace              |       |       |    19 |       ||    19
       Arbalest          |       |       |       |     1 ||     1
 Fire: Shortbow          |   108 |   100 |   301 |    99 ||   608
       Arbalest          |       |       |       |   251 ||   251
Invok: Wall of Briars    |       |       |       |     5 ||     5
       Grow Ballistomyce |       |       |       |     1 ||     1
Evoke: Phantom mirror    |       |       |       |     1 ||     1
  Use: Scroll            |       |     4 |    16 |    12 ||    32
       Potion            |       |       |     3 |     7 ||    10
Armor: Leather armour    |     6 |       |       |       ||     6
       Ring mail         |    12 |    15 |    16 |       ||    43
       Acid dragon scale |       |       |    28 |    15 ||    43
       Troll leather arm |       |       |       |    41 ||    41
Dodge: Dodged            |    37 |    19 |    79 |   126 ||   261
Block: Other             |       |       |    16 |    39 ||    55
       Reflection        |       |       |       |     5 ||     5
